 Dungeon Crawl Stone Soup version 0.29.0-4-gdea44cf6ec (webtiles) character file.

Game seed: 2208689981613945524

42 qw the Ruffian (level 3, 0/28 HPs)
             Began as a Ghoul Fire Elementalist on Aug 29, 2022.
             Slain by Terence
             ... wielding a +1 mace of protection
              (1 damage)
             ... on level 2 of the Dungeon.
             The game lasted 00:01:50 (3500 turns).

qw the Ruffian (Ghoul Fire Elementalist)            Turns: 3500, Time: 00:01:50

Health: 0/28       AC:  6    Str: 13    XL:     3   Next: 54%
Magic:  4/4        EV:  9    Int: 10    God:
Gold:   99         SH:  0    Dex:  9    Spells: 4/5 levels left

rFire   . . .      SeeInvis +     - Unarmed
rCold   + . .      Faith    .   (no shield)
rNeg    + + +      Spirit   .   d - +0 scale mail
rPois   inf        Reflect  .   (no helmet)
rElec   .          Harm     .   (no cloak)
rCorr   .          Rampage  .   (no gloves)
Will    .....                   (no boots)
Stlth   ..........              (no amulet)
HPRegen 0.00/turn               a - ring of see invisible
MPRegen 0.09/turn               (no ring)

@: inhibited regen
A: claws 1, cold resistance 1, negative energy resistance 3, inhibited
regeneration, torment resistance 2, devour on kill
a: no special abilities


You were on level 2 of the Dungeon.
You visited 1 branch of the dungeon, and saw 2 of its levels.

You collected 99 gold pieces.


Innate Abilities, Weirdness & Mutations

You are immune to poison.
You have sharp fingernails.
Your flesh is cold resistant. (rC+)
You are immune to negative energy. (rN+++)
You do not regenerate when monsters are visible.
You are immune to unholy pain and torment.
You thrive by killing the living.


   Skills:
 - Level 1.2 Fighting
 - Level 1.7 Dodging
 - Level 2.1 Stealth
 + Level 3.0 Unarmed Combat
 - Level 1.7 Spellcasting
 - Level 0.7 Conjurations
 - Level 2.4 Fire Magic


You had 4 spell levels left.
You knew the following spells:

 Your Spells              Type           Power      Damage    Failure   Level
a - Foxfire               Conj/Fire      16%        2x1d4     63%         1

Your spell library contained the following spells:

 Spells                   Type           Power      Damage    Failure   Level
 Scorch                   Fire           10%        2d5       65%         2
 Conjure Flame            Conj/Fire      4%         6-21      94%         3
 Inner Flame              Hex/Fire       3%         N/A       96%         3
 Flame Wave               Conj/Fire      4%         2d5       100%        4

Inventory:

Missiles
 c - 4 boomerangs (quivered)
Armour
 d - a +0 scale mail (worn)
Jewellery
 a - a ring of see invisible (left claw)
Scrolls
 b - a scroll of identify
Potions
 h - a potion of lignification {unknown}

Dungeon Overview and Level Annotations

Branches:
Dungeon (2/15)

Altars:

Annotations:
D:2 Terence


Message History

Terence hits you with a +1 mace of protection.
You barely miss Terence.
Terence is heavily wounded.
Terence barely misses you.
You barely miss Terence.
Terence is heavily wounded.
Terence barely misses you.
You closely miss Terence.
Terence is heavily wounded.
Terence hits you with a +1 mace of protection.
You barely miss Terence.
Terence is heavily wounded.
Terence hits you with a +1 mace of protection.
You scratch Terence but do no damage.
Terence is heavily wounded.
Terence hits you but does no damage.
You scratch Terence.
Terence is severely wounded.
Terence barely misses you.
You scratch Terence.
Terence is almost dead.
You scratch Terence but do no damage.
Terence is almost dead.
Terence hits you with a +1 mace of protection.
You closely miss Terence.
Terence is almost dead.
Terence hits you with a +1 mace of protection.
You scratch Terence.
Terence is almost dead.
Terence barely misses you.
You closely miss Terence.
Terence is almost dead.
Terence hits you with a +1 mace of protection.
An adder comes into view.
You closely miss Terence.
Terence is almost dead.
The adder hisses angrily.
Terence says, "Did you write a will?
You should..."
Terence hits you with a +1 mace of protection.
You die...

.........#
.........##########
..................#
........|########>#
########## #.# #.#
#.# ###.####.##
...S..@@..#
.#..#######


You could see Terence and an adder.

Vanquished Creatures
  2 dart slugs
  4 ball pythons
  3 bats
  4 endoplasms (D:1)
  2 giant cockroaches (D:2)
  4 goblins
  4 hobgoblins
  2 jackals (D:1)
  A quokka (D:1)
  4 frilled lizards
  2 kobolds
  2 rats (D:1)
34 creatures vanquished.

Notes
Turn   | Place    | Note
-------+----------+-------------------------------------------
     0 | D:1      | qw the Ghoul Fire Elementalist began the quest for the Orb.
     0 | D:1      | Reached XP level 1. HP: 14/14 MP: 2/2
     0 | D:1      | 0 ||| qw: Version: 0.1-a-90-g952f4b7
     0 | D:1      | 0 ||| qw: Game counter: 3943
     0 | D:1      | 0 ||| qw: Always use a shield: true
     0 | D:1      | 0 ||| qw: God list: Okawaru
     0 | D:1      | 0 ||| qw: Allow faded altars: false
     0 | D:1      | 0 ||| qw: Do Orc after D:15 true
     0 | D:1      | 0 ||| qw: Do second Lair branch before Depths: true
     0 | D:1      | 0 ||| qw: Lair rune preference: random
     0 | D:1      | 0 ||| qw: Plans: Normal
     0 | D:1      | 0 ||| PLANNING D:1-11
   413 | D:1      | Reached skill level 1 in Unarmed Combat
   680 | D:1      | Reached skill level 1 in Fighting
   680 | D:1      | Reached XP level 2. HP: 23/23 MP: 3/3
   853 | D:1      | 853 ||| Stepping ~*~*~tactically~*~*~ (hiding).
   955 | D:1      | 955 ||| Stepping ~*~*~tactically~*~*~ (hiding).
  1057 | D:1      | 1057 ||| Stepping ~*~*~tactically~*~*~ (hiding).
  1159 | D:1      | 1159 ||| Stepping ~*~*~tactically~*~*~ (hiding).
  1261 | D:1      | 1261 ||| Stepping ~*~*~tactically~*~*~ (hiding).
  1363 | D:1      | 1363 ||| Stepping ~*~*~tactically~*~*~ (hiding).
  1465 | D:1      | 1465 ||| Stepping ~*~*~tactically~*~*~ (hiding).
  1567 | D:1      | 1567 ||| Stepping ~*~*~tactically~*~*~ (hiding).
  1669 | D:1      | 1669 ||| Stepping ~*~*~tactically~*~*~ (hiding).
  1771 | D:1      | 1771 ||| Stepping ~*~*~tactically~*~*~ (hiding).
  1981 | D:1      | Reached skill level 2 in Unarmed Combat
  2036 | D:1      | Found a faded altar of an unknown god.
  2042 | D:1      | 2042 ||| Stepping ~*~*~tactically~*~*~ (stealth).
  2043 | D:1      | 2043 ||| Stepping ~*~*~tactically~*~*~ (stealth).
  2045 | D:1      | 2045 ||| Stepping ~*~*~tactically~*~*~ (stealth).
  2046 | D:1      | 2046 ||| Stepping ~*~*~tactically~*~*~ (stealth).
  2049 | D:1      | 2049 ||| Stepping ~*~*~tactically~*~*~ (stealth).
  2052 | D:1      | 2052 ||| Stepping ~*~*~tactically~*~*~ (stealth).
  2068 | D:1      | 2068 ||| Stepping ~*~*~tactically~*~*~ (stealth).
  2229 | D:1      | 2229 ||| Stepping ~*~*~tactically~*~*~ (stealth).
  2236 | D:1      | 2236 ||| Stepping ~*~*~tactically~*~*~ (stealth).
  2412 | D:1      | Reached XP level 3. HP: 28/28 MP: 4/4
  2421 | D:1      | 2421 ||| UPGRADING to +0 ring mail.
  2431 | D:1      | 2431 ||| DROPPING +0 robe.
  2432 | D:1      | 2432 ||| UPGRADING to +0 scale mail.
  2442 | D:1      | 2442 ||| DROPPING +0 ring mail.
  2443 | D:1      | 2443 ||| DROPPING amulet of magic regeneration.
  2444 | D:1      | 2444 ||| READING scroll labelled JYRYUD LUTA.
  2445 | D:1      | 2445 ||| READING scroll labelled WEETAI LYRAZ.
  2446 | D:1      | 2446 ||| READING scroll labelled CUKKAO JIPU.
  2447 | D:1      | 2447 ||| READING scroll labelled QEDDUCUORAU.
  2448 | D:1      | 2448 ||| DROPPING potion of magic.
  2495 | D:2      | 2495 ||| Stepping ~*~*~tactically~*~*~ (hiding).
  3045 | D:2      | Reached skill level 3 in Unarmed Combat
  3216 | D:2      | 3216 ||| UPGRADING to ring of see invisible.
  3479 | D:2      | Noticed Terence
  3496 | D:2      | HP: 7/28 [Terence/+1 mace of protection (5)]
  3499 | D:2      | HP: 1/28 [Terence/+1 mace of protection (5)]
  3500 | D:2      | Slain by Terence

Levels and vault maps discovered:
D:1:      minmay_arrival_stair_chambers, layout_loops_corners,
          shapermc_ecumenical_altar_notcrosses
D:2:      layout_basic, uniq_terence

Skill      XL: |  1  2  3 |
---------------+----------+-----
Unarmed Combat | 1 2 3 |  3.0
Fighting       | 1 |  1.2
Dodging        | |  1.7
Stealth        | |  2.1
Spellcasting   | |  1.7
Conjurations   | |  0.7
Fire Magic     | |  2.4

Action                   || total
-------------------------++-------
Melee: Unarmed           ||   153
       Punch             ||     1
Throw: Boomerang         ||     3
  Use: Scroll            ||     4
Armor: Robe              ||     7
       Scale mail        ||    27
Dodge: Dodged            ||    73

Table legend:
 A = Non-vault XP
 B = Vault XP
 C = Vault XP percentage of total XP
 D = Non-vault monster count
 E = Vault monster count
 F = Vault count percentage of total count
                 A         B        C        D         E       F
            +---------+---------+-------+---------+---------+-------
      Total |      60 |       0 |   0.0 |      34 |       0 |   0.0
            +---------+---------+-------+---------+---------+-------
        D:1 |      35 |       0 |   0.0 |      20 |       0 |   0.0
        D:2 |      25 |       0 |   0.0 |      14 |       0 |   0.0
            +---------+---------+-------+---------+---------+-------
